 Dungeon Crawl Stone Soup version 0.31-b1-20-g67cafac56d (webtiles) character file.

Game seed: 10370424411447145588

789 PaiMei the Grave Robber (level 7, -1/53 HPs)
             Began as a Demonspawn Necromancer on Jan 17, 2024.
             Killed from afar by an orc wizard (3 damage)
             ... with a puff of flame
             ... on level 5 of the Dungeon.
             The game lasted 00:07:28 (5937 turns).

PaiMei the Grave Robber (Demonspawn Necromancer)    Turns: 5937, Time: 00:07:28

Health: -1/53      AC:  6    Str:  9    XL:     7   Next: 56%
Magic:  12/13      EV: 18    Int: 17    God:
Gold:   275        SH:  0    Dex: 13    Spells: 10/14 levels left

rFire   . . .        o - +0 quarterstaff
rCold   + . .        (shield currently unavailable)
rNeg    . . .        a - +0 robe
rPois   .            n - +2 helmet
rElec   .            (no cloak)
rCorr   .            q - +0 pair of gloves
SInv    .            (no boots)
Will    .....        G - amulet of the acrobat
Stlth   ++           c - ring of protection from cold
HPRegen 0.28/turn    m - +5 ring of evasion
MPRegen 0.13/turn

%: acrobat
@: lethally poisoned (-1 -> -15)
A: hooves 1, condensation shield, demonic magic 1
a: no special abilities


You were on level 5 of the Dungeon.
You visited 2 branches of the dungeon, and saw 7 of its levels.

You collected 275 gold pieces.

Inventory:

Hand Weapons
 i - a +0 dagger
 o - a +0 quarterstaff (weapon)
Missiles
 p - 2 curare-tipped darts (quivered)
 D - 4 poisoned darts
Armour
 a - a +0 robe (worn)
 n - a +2 helmet (worn)
 q - a +0 pair of gloves (worn)
Jewellery
 c - a ring of protection from cold (left hand)
 g - a ring of ice
 m - a +5 ring of evasion (right hand)
 x - an amulet of regeneration
 A - a ring of flight
 F - a ring of protection from fire
 G - an amulet of the acrobat (around neck)
Talismans
 z - a flux talisman
Wands
 v - a wand of charming (14)
Scrolls
 f - 4 scrolls of poison {unknown}
 h - a scroll of amnesia {unknown}
 j - 5 scrolls of identify {unknown}
 l - a scroll of fog {unknown}
 r - 2 scrolls of teleportation {unknown}
 s - a scroll of acquirement {unknown}
 w - a scroll of summoning {unknown}
 y - a scroll of silence {unknown}
 C - a scroll of enchant armour {unknown}
 E - 2 scrolls of immolation {unknown}
Potions
 b - 3 potions of magic
 d - a potion of cancellation {unknown}
 e - a potion of enlightenment {unknown}
 k - 6 potions of curing {unknown}
 t - 2 potions of lignification {unknown}
 u - 2 potions of might {unknown}
 B - a potion of brilliance {unknown}


   Skills:
 + Level 3.8 Fighting
 + Level 4.2 Dodging
 - Level 2.1 Stealth
 + Level 4.2 Spellcasting
 + Level 6.3 Necromancy


You had 10 spell levels left.
You knew the following spells:

 Your Spells              Type           Power      Damage    Failure   Level
a - Necrotise             Necr           100%       1d9       1%          1
b - Vampiric Draining     Necr           25%        2d7       3%          3

Your spell library contained the following spells:

 Spells                   Type           Power      Damage    Failure   Level
 Animate Dead             Necr           25%        N/A       11%         4
 Curse of Agony           Necr           25%        N/A       30%         5
 Dazzling Flash           Conj/Hex       6%         N/A       43%         3
 Mephitic Cloud           Conj/Alch/Air  3%         N/A       43%         3
 Borgnjor's Vile Clutch   Necr/Erth      7%         N/A       75%         5
 Alistair's Intoxication  Alch           2%         N/A       99%         5
 Silence                  Hex/Air        1%         N/A       99%         5
 Summon Forest            Summ/Tloc      1%         N/A       99%         5
 Summon Mana Viper        Hex/Summ       3%         N/A       99%         5
 Eringya's Noxious Bog    Alch           1%         4d6       100%        6
 Summon Cactus Giant      Summ           1%         N/A       100%        6


Dungeon Overview and Level Annotations

Branches:
Dungeon (6/15)             Temple (1/1) D:5

Altars:
Ashenzari
Cheibriados
Dithmenos
Gozag
Hepliaklqana
Makhleb
Nemelex Xobeh
Ru
Trog
Uskayaw
Vehumet
Wu Jian
Xom
Yredelemnul


Innate Abilities, Weirdness & Mutations

You have large cloven feet.
A meltable shield of frost defends you. (SH +0)
Spells you cast may paralyse adjacent enemies.


Message History

You feel very sick. Something barely misses you.
You climb upwards.
Reactivating autopickup.
You feel very sick.
There is a stone staircase leading down here.
You start resting.
You feel sick. Something hits you.
You are more poisoned.
Deactivating autopickup; reactivate with Ctrl-A.
You closely miss something. You kick something.
You feel very sick. Something hits you. Something hits you but does no damage.
You are more poisoned.
You closely miss something.
You feel very sick. Something hits you.
You are more poisoned.
You hit something. You kick something.
You feel extremely sick. Something closely misses you.
You miss something. Your kick misses something.
You feel very sick. Something barely misses you.
You miss something. Your kick misses something.
You feel very sick. Something hits you but does no damage.
You are lethally poisoned!
Something hits you but does no damage.
You are more poisoned.
You hit something. Your kick misses something.
* * * LOW HITPOINT WARNING * * *
You feel extremely sick. Something hits you but does no damage.
You barely miss something.
* * * LOW HITPOINT WARNING * * *
You feel very sick.
You hear some strange, mumbled words.
A puff of flame appears from out of thin air!
The puff of flame hits you.
Your condensation shield dissipates!
You die...

####### #.....#
#.###.#
#####...#.########
#))...............
#@{...............
#(...##.##########
#....##.#
#....##.#
#....##.#
#....##.#
#....##.#
######....##.#
#.........##.#


There were no monsters in sight!

Vanquished Creatures
  2 black bears
  An ogre (D:4)
  A kobold brigand (D:6)
  A bullfrog (D:4)
  2 bombardier beetles (D:3)
  3 hounds
  2 jellies
  An orc wizard (D:4)
  3 adders
  A white imp (D:5)
  4 ufetubi (D:5)
  A ribbon worm (D:3)
  5 dart slugs
  6 orcs
  4 bats
  5 endoplasms
  6 giant cockroaches
  3 goblins
  8 hobgoblins
  4 jackals
  4 quokkas
  4 ball pythons (D:1)
  A frilled lizard (D:2)
  7 kobolds
  2 rats (D:2)
81 creatures vanquished.

Vanquished Creatures (collateral kills)
  A jackal (D:2)
1 creature vanquished.

Grand Total: 82 creatures vanquished

Notes
Turn   | Place    | Note
-------+----------+-------------------------------------------
     0 | D:1      | PaiMei the Demonspawn Necromancer began the quest for the
                  | Orb.
     0 | D:1      | Reached XP level 1. HP: 13/13 MP: 3/3
   284 | D:1      | Gained mutation: A meltable shield of frost defends you.
                  | (SH +0) [demonic ancestry]
   284 | D:1      | Reached XP level 2. HP: 18/19 MP: 0/5
   544 | D:1      | Found a faded altar of an unknown god.
  1283 | D:2      | Reached XP level 3. HP: 18/25 MP: 1/6
  1358 | D:2      | Learned a level 3 spell: Vampiric Draining
  2097 | D:3      | Reached skill level 1 in Fighting
  2097 | D:3      | Gained mutation: Spells you cast may paralyse adjacent
                  | enemies. [demonic ancestry]
  2097 | D:3      | Reached XP level 4. HP: 18/32 MP: 3/7
  2271 | D:3      | Reached skill level 5 in Necromancy
  2862 | D:3      | Reached XP level 5. HP: 38/38 MP: 0/9
  3092 | D:4      | Found a broken altar of Ashenzari.
  3092 | D:4      | Found a basalt altar of Yredelemnul.
  3475 | D:4      | Noticed a black bear
  3590 | D:4      | Killed a black bear
  3591 | D:4      | Gained mutation: You have large cloven feet. [demonic
                  | ancestry]
  3591 | D:4      | Reached XP level 6. HP: 32/46 MP: 0/10
  4972 | D:5      | Entered Level 5 of the Dungeon
  5015 | D:5      | Reached XP level 7. HP: 52/52 MP: 8/12
  5121 | D:5      | Found a staircase to the Ecumenical Temple.
  5130 | Temple   | Entered the Ecumenical Temple
  5368 | D:5      | Reached skill level 6 in Necromancy
  5937 | D:5      | HP: 2/53 [poisoned by an orc wizard]
  5937 | D:5      | Killed from afar by an orc wizard

Illustrated notes

Levels and vault maps discovered:
D:1:      minmay_arrival_loop, layout_loops_ring,
          shapermc_ecumenical_altar_ellora
D:2:      layout_loops_ring
D:3:      layout_basic, amcnicky_mini_pool_small
D:4:      minmay_chambers_of_fours, layout_loops_ring,
          gammafunk_temple_overflow_pools, kennysheep_generic_room_5
D:5:      layout_basic, minmay_temple_entry_poolview
D:6:      hangedman_cross_stitches, layout_rooms,
          mainiacjoe_overflow_tiny_flanked, elyvilon_altar_3,
          kiku_gazebo_pond_becter, chequers_ossuary_entry_cave,
          gammafunk_ghost_necromancy, minmay_shop_damaged
Temple:   nicolae_temple_great_sept

Skill      XL: |  1  2  3  4  5  6  7 |
---------------+----------------------+-----
Stealth        | 2 |  2.1
Dodging        | 2 3 4 |  4.2
Fighting       | 1 2 3 |  3.8
Necromancy     | 5 6 |  6.3
Spellcasting   | 3 4 |  4.2

Action                     |  1- 3 |  4- 6 |  7- 9 || total
---------------------------+-------+-------+-------++-------
  Melee: Unarmed           |     2 |       |       ||     2
         Dagger            |     8 |       |       ||     8
         Quarterstaff      |     3 |    27 |    76 ||   106
         Kick              |       |     5 |    23 ||    28
   Cast: Necrotise         |    60 |    78 |     6 ||   144
         Vampiric Draining |       |    10 |    13 ||    23
   Stab: Distracted        |     2 |       |       ||     2
         Paralysed         |       |     4 |     6 ||    10
 Armour: Robe              |    12 |    48 |    73 ||   133
  Dodge: Dodged            |    18 |    87 |   230 ||   335
  Block: Other             |     6 |    23 |    33 ||    62
